 Dungeon Crawl Stone Soup version 0.31.0-12-g77e489cdc1 (webtiles) character file.

Game seed: 715376823814733681

5977 112233 the Martial Artist (level 10, -2/109 HPs)
             Began as an Octopode Delver on Feb 14, 2024.
             Was an Initiate of Gozag.
             Succumbed to a gnoll sergeant's poison
             ... on level 8 of the Dungeon.
             The game lasted 00:12:17 (8485 turns).

112233 the Martial Artist (Octopode Delver)         Turns: 8485, Time: 00:12:18

Health: -2/109     AC: 25    Str: 12 (14) XL:     10   Next: 84%
Magic:  10/10      EV:  2    Int: 11 (13) God:    Gozag
Gold:   207        SH:  0    Dex: 13 (15) Spells: 9/9 levels left

rFire   . .          .
                       - Unarmed
rCold   + + .        (no shield)
rNeg    . . .        (helmet currently unavailable)
rPois   +            f - amulet of magic regeneration
rElec   .            m - ring of poison resistance
rCorr   .            s - ring of protection from cold
SInv    .            B - ring of protection from cold
Will    .....        (no ring)
Stlth   ++++         (no ring)
HPRegen 0.38/turn    (no ring)
MPRegen 0.52/turn    (no ring)
                     (no ring)

%: no passive effects
@: lethally poisoned (-2 -> -20), tree-form, gold aura, attractive, hasted, very
quick
A: stationary, stasis, torment immunity, boosted hp, almost no armour,
(amphibious), 8 rings, (camouflage 1), (gelatinous body 1), (nimble swimmer 1),
(tentacles), sense surroundings 1
a: Renounce Religion, Potion Petition, Call Merchant, Bribe Branch


You were on level 8 of the Dungeon.
You worshipped Gozag.
Gozag was aware of your devotion.
You were a tree.
You visited 1 branch of the dungeon, and saw 8 of its levels.

You collected 1469 gold pieces.
You paid 1262 gold pieces to Gozag.

Inventory:

Missiles
 n - 10 poisoned darts (quivered)
 C - a throwing net
Armour
 r - an orb of mayhem
Magical Staves
 g - a staff of alchemy
Jewellery
 c - a ring of ice
 f - an amulet of magic regeneration (around neck)
 m - a ring of poison resistance (left branch)
 s - a ring of protection from cold (right branch)
 B - a ring of protection from cold (on tentacle)
Wands
 e - a wand of digging (3)
 h - a wand of paralysis (11)
 i - a wand of mindburst (13)
 p - a wand of flame (46)
 D - a wand of polymorph (3)
Scrolls
 a - 3 scrolls of fog
 b - 4 scrolls of revelation
 j - 2 scrolls of blinking
 l - 3 scrolls of poison
 o - 8 scrolls of identify {unknown}
 t - 2 scrolls of enchant weapon
 v - 5 scrolls of teleportation {unknown}
 w - a scroll of amnesia {unknown}
 y - a scroll of brand weapon {unknown}
 z - 2 scrolls of vulnerability {unknown}
 F - a scroll of enchant armour {unknown}
Potions
 d - 4 potions of haste
 A - a potion of lignification


   Skills:
 + Level 8.6 Fighting
 + Level 8.3 Dodging
 - Level 8.2 Stealth
 * Level 11.0 Unarmed Combat


You had 9 spell levels left.
You didn't know any spells.
Your spell library contained the following spells:

 Spells                   Type           Power      Damage    Failure   Level
 Magic Dart               Conj           0%         1d3       34%         1
 Blink                    Tloc           0%         N/A       47%         2
 Call Imp                 Summ           0%         N/A       47%         2
 Cigotuvi's Dreadful Rot  Necr/Alch/Air  0%         N/A       47%         2
 Jinxbite                 Hex            0%         N/A       47%         2
 Stone Arrow              Conj/Erth      0%         3d7       71%         3
 Tukima's Dance           Hex            0%         N/A       71%         3
 Fulminant Prism          Conj/Alch      0%         3d5       98%         4
 Ignite Poison            Fire/Alch      0%         N/A       98%         4
 Passage of Golubria      Tloc           0%         N/A       98%         4
 Freezing Cloud           Conj/Ice/Air   0%         6-21      100%        5
 Yara's Violent Unravell  Hex/Alch       0%         3d3       100%        5


Dungeon Overview and Level Annotations

Branches:
Dungeon (8/15)             Temple (0/1) D:6
   Lair: D:8-11

Altars:
Dithmenos
Fedhas
Gozag
Hepliaklqana
Kikubaaqudgha
Nemelex Xobeh
Okawaru
Qazlal
Ru
Wu Jian
Zin
The Shining One

Annotations:
D:4 exclusion: downstairs
D:5 exclusion: downstairs
D:6 exclusion: downstairs


Innate Abilities, Weirdness & Mutations

You are a tree.
Your roots penetrate the ground, keeping you stationary.
You cannot be teleported.
You are immune to unholy pain and torment.
Your maximum health is greatly increased.
You cannot wear most types of armour.
((You are amphibious.))
You can wear up to eight rings at the same time.
((Your skin changes colour to match your surroundings (Stealth+).))
((Your rubbery body absorbs attacks. (AC +1, EV +1)))
((You are camouflaged when in or above water. (Stealth+)))
((You have tentacles for arms and can constrict up to eight enemies at once.))
You passively map a small area around you.


Message History

Unknown command.
Aiming: Paralyse
Press: ? - help, Shift-Dir - straight line, f - gnoll, p - gnoll
Aim: a gnoll, wielding a +0 club (severely wounded, inner flame, covering ground quickly, chance to affect: 57%)
The gnoll suddenly stops moving!
* * * LOW HITPOINT WARNING * * *
You feel very sick.
The gnoll is no longer distracted by gold.
The gnoll sergeant barely misses you.
Unknown command.
It was a potion of magic.
Magic courses through your body.
* * * LOW HITPOINT WARNING * * *
You feel very sick.
Unknown command.
It was a potion of degeneration.
There was something very wrong with that liquid.
You feel weakened.
You feel dopey.
You feel clumsy.
* * * LOW HITPOINT WARNING * * *
You feel very sick.
The gnoll sergeant hits you but does no damage.
Unknown command.
The air fills with toxic fumes!
As you read the scroll labelled KABEIT HOAMEKI, it crumbles to dust.
It was a scroll of poison.
* * * LOW HITPOINT WARNING * * *
You feel sick.
The gnoll sergeant hits you but does no damage.
You are more poisoned.
Unknown command.
As you read the scroll labelled NUPPUA SOTEBA, it crumbles to dust.
It is a scroll of enchant weapon.
You aren't carrying any weapons that can be enchanted.
* * * LOW HITPOINT WARNING * * *
You feel very sick.
Unknown command.
As you read the scroll labelled ZUD ABROVUMIBA, it crumbles to dust.
You hear a loud clanging noise!
It was a scroll of noise.
You die...
Your body crumbles into a pile of gold.

, ,#.# , . ..... ,
, .. ,#§§.# , .####
, ,* # .# #§#.## ,
, , . ...§#§§ * *
.##.#§#§# *
,..,.§§.# * # * ,
*#.*#g#.#* ...
##### *
##§###§##g#o##§§g..
..... ,
.§§§§§§§♣ggg§§§§#
,..... , , *
#§####§##gg§####
##### , #§####§# ##
#§####.### #. *
#§.$...... * #. ,
#§.#######*#..# #.
* #§$# #..# #. ,
#.####§.# #..# #. *
#.?.....# #..# #.


You could see a gnoll sergeant (inner flame, swift), a gnoll bouda (inner
flame), 5 gnolls and an orc (inner flame).

Vanquished Creatures
  A two-headed ogre (D:8)
  Pikel (D:5)
  Maurice (D:7)
  Jeremiah (D:8)
  Grinder (D:6)
  Sigmund (D:4)
  A wyvern (D:8)
  A steam dragon (D:6)
  Edmund (D:4)
  A swamp drake (D:8)
  2 black bears
  2 sky beasts (D:7)
  An ice beast (D:7)
  5 ogres
  A centaur (D:6)
  3 wolves (D:8)
  2 phantoms
  A kobold brigand (D:6)
  A bullfrog (D:7)
  4 scorpions (D:5)
  6 wights (D:8)
  5 killer bees (D:7)
  2 howler monkeys
  2 hounds
  6 orc priests
  A bombardier beetle (D:4)
  2 gnoll boudas
  4 jellies
  2 sleepcaps
  5 iguanas
  9 orc wizards
  9 gnolls
  10 adders
  6 shadow imps
  A white imp (D:8)
  5 ribbon worms
  15 orcs
  12 endoplasms
  A giant cockroach (D:2)
  6 hobgoblins
  2 quokkas
  2 ball pythons
  3 bats
  2 frilled lizards (D:2)
  13 goblins
  8 kobolds
  6 rats (D:3)
177 creatures vanquished.

Vanquished Creatures (others)
  An orc wizard (D:6)
1 creature vanquished.

Grand Total: 178 creatures vanquished

Notes
Turn   | Place    | Note
-------+----------+-------------------------------------------
     0 | D:5      | 112233 the Octopode Delver began the quest for the Orb.
     0 | D:5      | Reached XP level 1. HP: 16/16 MP: 1/1
    49 | D:5      | Noticed a scorpion
    96 | D:5      | Noticed an iguana
   119 | D:6      | Noticed an ogre
   166 | D:5      | Reached XP level 2. HP: 14/21 MP: 2/2
   370 | D:6      | Noticed Grinder
   384 | D:6      | Noticed a black bear
   411 | D:5      | Noticed a scorpion
   539 | D:4      | Reached XP level 3. HP: 6/26 MP: 3/3
   643 | D:5      | Noticed a black bear
   652 | D:5      | Reached XP level 4. HP: 25/31 MP: 4/4
   666 | D:5      | Killed a black bear
   667 | D:5      | Reached skill level 3 in Unarmed Combat
   667 | D:5      | Reached XP level 5. HP: 33/37 MP: 5/5
   718 | D:5      | Became a worshipper of Gozag Ym Sagoz the Greedy
   760 | D:5      | Reached XP level 6. HP: 19/43 MP: 6/6
  2709 | D:3      | Reached skill level 4 in Unarmed Combat
  2709 | D:3      | Reached XP level 7. HP: 21/49 MP: 7/7
  2964 | D:3      | Got the Meditations on Entrancing Trauma
  3219 | D:4      | Found a glowing silver altar of Zin.
  3622 | D:4      | Noticed Sigmund
  3632 | D:4      | Killed Sigmund
  3633 | D:4      | Reached skill level 5 in Fighting
  3633 | D:4      | Reached skill level 5 in Unarmed Combat
  3647 | D:4      | Noticed Edmund
  3653 | D:4      | Killed Edmund
  3654 | D:4      | Reached XP level 8. HP: 35/55 MP: 8/8
  4103 | D:5      | Reached skill level 5 in Dodging
  4118 | D:5      | Reached skill level 6 in Unarmed Combat
  4344 | D:5      | Found a hazy altar of Hepliaklqana.
  4408 | D:5      | Found an iron altar of Okawaru.
  4409 | D:5      | Found an ornate altar of the Wu Jian Council.
  4589 | D:5      | Noticed Pikel
  4603 | D:5      | Killed Pikel
  4604 | D:5      | Reached skill level 7 in Unarmed Combat
  4604 | D:5      | Reached XP level 9. HP: 50/63 MP: 9/9
  4725 | D:6      | Killed Grinder
  4886 | D:6      | Reached skill level 8 in Unarmed Combat
  4943 | D:6      | Gained mutation: You passively map a small area around you.
                  | [potion of mutation]
  5227 | D:6      | Found a glowing golden altar of the Shining One.
  5564 | D:6      | Found a blossoming altar of Fedhas.
  5695 | D:6      | Found a staircase to the Ecumenical Temple.
  5807 | D:7      | Reached skill level 9 in Unarmed Combat
  6019 | D:7      | Found a shadowy altar of Dithmenos.
  6042 | D:7      | Found an ancient bone altar of Kikubaaqudgha.
  6088 | D:7      | HP: 3/64 [something (6)]
  6232 | D:7      | Found a stormy altar of Qazlal.
  6291 | D:7      | Reached XP level 10. HP: 32/71 MP: 10/10
  6717 | D:7      | Found a sparkling altar of Nemelex Xobeh.
  7021 | D:7      | Found a sacrificial altar of Ru.
  7500 | D:8      | Noticed Jeremiah
  7567 | D:8      | Noticed Maurice
  7570 | D:8      | Noticed Grum
  7578 | D:8      | Grum changed into Grum the swamp drake
  7578 | D:8      | Noticed Grum
  7583 | D:8      | Killed Grum the swamp drake
  7807 | D:8      | Maurice stole 11 poisoned darts
  7808 | D:8      | Maurice stole a ring of ice
  7813 | D:7      | Reached skill level 10 in Unarmed Combat
  7901 | D:8      | Maurice stole a staff of alchemy
  7904 | D:7      | Maurice stole 445 gold
  7911 | D:7      | Killed Maurice
  8085 | D:8      | Killed Jeremiah
  8397 | D:8      | Noticed a two-headed ogre
  8406 | D:8      | Killed a two-headed ogre
  8466 | D:8      | Reached skill level 11 in Unarmed Combat
  8466 | D:8      | Identified the +3 quarterstaff of Patience {flame, rC+ rN+
                  | Int+4}
  8483 | D:8      | HP: 5/109 [poisoned by a gnoll sergeant]
  8484 | D:8      | HP: 1/109 [poisoned by a gnoll sergeant]
  8485 | D:8      | Succumbed to a gnoll sergeant's poison

Illustrated notes

Levels and vault maps discovered:
D:1:      saegor_arrival_fortress, layout_loops_ring, kennysheep_doodads
D:2:      layout_basic, chequers_serial_rivers_small_b
D:3:      layout_rooms, corexii_hall_statues_i
D:4:      layout_basic, overflow_temple_1_default,
          serial_library_hellmonk_layered_room, sigmund_edmund_badplayer
D:5:      layout_rooms, nicolae_gozag_seed_capital, kennysheep_mini,
          gammafunk_temple_overflow_statue, uniq_pikel
D:6:      layout_rooms, nicolae_tso_carved_into_rock, mainiacjoe_overflow_paths,
          minmay_temple_entry_trees, hex_intersection, uniq_grinder
D:7:      layout_rooms, lemuel_tele_altar, general_overflow_altar,
          mainiacjoe_overflow_boulevard, overflow_temple_1_default,
          nemelex_spade_bored_becter, serial_co_window_serial,
          co_window_paths_b, co_window_paths_a, co_window_paths_a,
          co_window_corner_a, co_window_corner_a, co_window_cross_3,
          co_window_of_opportunity_b, co_window_of_opportunity_c,
          co_window_unsneaky_path_b, co_window_of_opportunity_b,
          glass_columns_b, glass_columns_a, glass_columns_a, glass_columns_c,
          enter_bailey_3
D:8:      layout_loops_ring, minmay_diced_spiral, uniq_grum, uniq_maurice,
          uniq_jeremiah

Skill      XL: |  1  2  3  4  5  6  7  8  9 10 |
---------------+-------------------------------+-----
Stealth        | 7 8 |  8.2
Dodging        | 3 4 5 7 8 |  8.3
Unarmed Combat | 3 4 5 7 9 11 | 11.0
Fighting       | 4 5 6 7 8 |  8.6

Action                     |  1- 3 |  4- 6 |  7- 9 | 10-12 || total
---------------------------+-------+-------+-------+-------++-------
  Melee: Staff             |    25 |    16 |       |       ||    41
         Tentacles         |    10 |    34 |    74 |    31 ||   149
         Constrict         |     5 |    27 |    44 |    27 ||   103
         Punch             |     1 |     2 |    15 |    16 ||    34
         Unarmed           |       |   124 |   272 |   115 ||   511
  Throw: Dart              |       |       |    16 |    12 ||    28
 Invoke: Potion Petition   |       |       |     2 |     1 ||     3
  Evoke: Wand              |     1 |     2 |       |     7 ||    10
    Use: Scroll            |     2 |       |       |     6 ||     8
         Potion            |       |       |    10 |     5 ||    15
   Stab: Sleeping          |     1 |    18 |    19 |     7 ||    45
         Paralysed         |     3 |     5 |       |     2 ||    10
         Distracted        |       |     2 |     1 |       ||     3
 Armour: Skin              |     9 |    41 |   112 |    66 ||   228
  Dodge: Dodged            |    13 |    68 |   123 |    74 ||   278
